 Dungeon Crawl Stone Soup version 0.27-a0-1595-g0b823d0a13 (webtiles) character file.

Game seed: 16149782837185126524

13122 Sin92 the Carver (level 11, -9/86 HPs)
             Began as a Demonspawn Fighter on July 20, 2021.
             Was a High Priest of Okawaru.
             Mangled by a boulder beetle (41 damage)
             ... on level 12 of the Dungeon.
             The game lasted 00:25:12 (13534 turns).

Sin92 the Carver (Demonspawn Fighter)              Turns: 13534, Time: 00:25:12

Health: -9/86      AC: 24    Str: 17    XL:     11   Next: 71%
Magic:  14/14      EV:  9    Int:  9    God:    Okawaru [*****.]
Gold:   620        SH: 12    Dex: 22    Spells: 10/10 levels left

rFire    . . .     SeeInvis .   a - +2 long sword (freeze)
rCold    . . .     Faith    .   c - +1 kite shield
rNeg     . . .     Spirit   .   m - +0 chain mail
rPois    .         Reflect  .   (helmet restricted)
rElec    .         Harm     .   w - +0 cloak
rCorr    .         Rampage  .   (no gloves)
Will     .....                  E - +1 pair of boots
Stlth    ..........             t - amulet of regeneration
HPRegen  1.24/turn              n - +6 ring of dexterity
MPRegen  0.14/turn              s - +4 ring of protection

@: mighty, sanguine armoured
A: antennae 1, powered by pain 3, spiny 2, sanguine armour 1
a: Renounce Religion, Heroism, Finesse


You were on level 12 of the Dungeon.
You worshipped Okawaru.
Okawaru was extremely pleased with you.
You visited 2 branches of the dungeon, and saw 13 of its levels.

You collected 620 gold pieces.

Inventory:

Hand Weapons
 a - a +2 long sword of freezing (weapon)
 o - the +9 demon trident "Wyuthir" {elec, Int-2 Dex+5}
   (Okawaru gifted it to you on level 9 of the Dungeon)

   It occasionally discharges a powerful burst of electricity upon striking a
   foe.
   Int:       It affects your intelligence (-2).
   Dex:       It affects your dexterity (+5).
 C - a +4 scimitar
Missiles
 d - 5 atropa-tipped darts
 v - 5 boomerangs of dispersal (quivered)
 y - 3 throwing nets
 z - a curare-tipped dart
Armour
 c - a +1 kite shield (worn)
 m - a +0 chain mail (worn)
 w - a +0 cloak (worn)
 E - a +1 pair of boots (worn)
Jewellery
 n - a +6 ring of dexterity (left hand)
 r - a ring of see invisible
 s - a +4 ring of protection (right hand)
 t - an amulet of regeneration (around neck)
 D - a ring of poison resistance
Wands
 j - a wand of flame (14)
 p - a wand of paralysis (9)
 B - a wand of digging (9)
Scrolls
 b - 2 scrolls of amnesia
 k - 12 scrolls of identify
 A - a scroll of silence
 F - 4 scrolls of magic mapping
Potions
 e - 3 potions of magic
 f - a potion of might
 g - a potion of curing
 i - a potion of attraction {unknown}
 l - a potion of flight {unknown}
 q - a potion of resistance {unknown}
 u - a potion of brilliance {unknown}
 x - a potion of mutation {unknown}


   Skills:
 + Level 7.9 Fighting
 * Level 9.9 Long Blades
 + Level 3.3 Polearms
 + Level 7.3 Armour
 + Level 6.8 Dodging
 + Level 7.3 Shields
 + Level 4.8 Invocations


You had 10 spell levels left.
You didn't know any spells.
Your spell library contained the following spells:

 Spells                   Type           Power      Damage    Failure   Level
 Animate Skeleton         Necr           0%         N/A       100%        1
 Apportation              Tloc           0%         N/A       100%        1
 Corona                   Hex            0%         N/A       100%        1
 Magic Dart               Conj           0%         1d3       100%        1
 Summon Small Mammal      Summ           0%         N/A       100%        1
 Ensorcelled Hibernation  Hex/Ice        0%         N/A       100%        2
 Poisonous Vapours        Pois/Air       0%         N/A       100%        2
 Searing Ray              Conj           0%         3d3       100%        2
 Gell's Gravitas          Tloc           0%         N/A       100%        3
 Lesser Beckoning         Tloc           0%         N/A       100%        3
 Mephitic Cloud           Conj/Pois/Air  0%         N/A       100%        3
 Spider Form              Tmut/Pois      0%         N/A       100%        3
 Teleport Other           Tloc           0%         N/A       100%        3
 Tukima's Dance           Hex            0%         N/A       100%        3
 Fulminant Prism          Conj/Hex       0%         3d6       100%        4
 Passage of Golubria      Tloc           N/A        N/A       100%        4
 Freezing Cloud           Conj/Ice/Air   0%         6-21      100%        5
 Yara's Violent Unravell  Hex/Tmut       0%         3d3       100%        5
 Shadow Creatures         Summ           N/A        N/A       100%        6


Dungeon Overview and Level Annotations

Branches:
Dungeon (12/15)            Temple (1/1) D:4            Lair (0/6) D:9
    Orc (0/2) D:10

Altars:
Ashenzari
Cheibriados
Dithmenos
Elyvilon
Fedhas
Gozag
Hepliaklqana
Kikubaaqudgha
Makhleb
Nemelex Xobeh
Okawaru
Qazlal
Ru
Sif Muna
Trog
Uskayaw
Vehumet
Wu Jian
Xom
Yredelemnul
Zin
The Shining One

Shops:
D:5 (


Innate Abilities, Weirdness & Mutations

You have a pair of small antennae on your head.
You are powered by pain.
You are mostly covered in sharp spines.
When seriously injured, your bleeding wounds create armour. (AC +6)


Message History

You hit the wraith.
The wraith is heavily damaged.
The wraith is struck by your spines. The wraith misses you.
You riposte.
You slash the wraith! You freeze the wraith.
You destroy the wraith!
Okawaru accepts your kill.
You hit the boulder beetle. You freeze the boulder beetle.
The boulder beetle is heavily wounded.
The boulder beetle is struck by your spines.
The boulder beetle bites you!
Your shield and chain mail prevent you from hitting the boulder beetle.
The boulder beetle is heavily wounded.
The boulder beetle bites you but does no damage.
You hit the boulder beetle. You freeze the boulder beetle.
The boulder beetle is severely wounded.
The boulder beetle bites you but does no damage.
You hit the boulder beetle. You freeze the boulder beetle.
The boulder beetle is severely wounded.
The boulder beetle leaps! x2
Things that are here:
3 large rocks; a troll corpse
Okay, then.
The boulder beetle curls into a ball and begins rolling!
The boulder beetle hits you.
The boulder beetle stops rolling and uncurls.
You hit the boulder beetle but do no damage.
The boulder beetle is severely wounded.
You block the boulder beetle's attack.
The boulder beetle curls into a ball and begins rolling!
You hit the boulder beetle but do no damage.
The boulder beetle is severely wounded.
You block the boulder beetle's attack.
You slash the boulder beetle! You freeze the boulder beetle.
The boulder beetle is severely wounded.
The boulder beetle is struck by your spines.
The boulder beetle bites you!
You completely miss the boulder beetle.
The boulder beetle is severely wounded.
The boulder beetle bites you. The boulder beetle hits you!!!
You die...

..........# #C#.....#
.......#.## #.##....#
.......#..# #.#.....#
.......#.######[##....#
..........#.#.#°#.).[.#
.......#.).....°......#
###############○###'###
#.B...# ##)@B### #..###
#(## #####.########
#.......>....### #
#...<..........#######.#
................#..##..<..#
####............##..'.#####
#............#####...#


You could see 2 boulder beetles.

Vanquished Creatures
  Harold (D:7)
  5 two-headed ogres
  A slime creature (D:12)
  Pikel (D:6)
  A cyclops (D:12)
  A manticore (D:12)
  3 centaur zombies
  A gargoyle (D:12)
  An unseen horror (D:11)
  2 kobold demonologists (D:11)
  4 trolls
  A hornet (D:8)
  2 shadows
  2 wraiths
  A steam dragon (D:8)
  Edmund (D:6)
  An acid dragon (D:10)
  A water moccasin (D:7)
  A floating eye (D:12)
  4 orc warriors
  3 ice beasts
  A black bear (D:5)
  4 ogres
  7 centaurs
  2 kobold brigands
  5 bullfrogs
  A gnoll sergeant (D:9)
  A scorpion (D:4)
  A wyvern skeleton (D:7)
  4 killer bees (D:7)
  4 wights (D:8)
  A howler monkey (D:4)
  Crazy Yiuf (D:5)
  A hound (D:6)
  3 orc priests
  A centaur skeleton (D:7)
  3 iguanas
  4 orc wizards (D:9)
  2 howler monkey zombies
  5 gnolls (D:9)
  A howler monkey skeleton (D:7)
  8 adders
  A white imp (D:6)
  An ufetubus (D:6)
  An adder skeleton (D:2)
  3 worms
  3 dart slugs
  18 orcs
  3 bats (D:1)
  7 endoplasms
  A giant cockroach (D:3)
  7 hobgoblins
  11 jackals
  3 quokkas (D:4)
  11 ball pythons
  5 frilled lizards
  7 goblins
  10 kobolds
  9 rats
  A spectral orc (D:7)
200 creatures vanquished.

Vanquished Creatures (others)
  9 plants
9 creatures vanquished.

Grand Total: 209 creatures vanquished

Notes
Turn   | Place    | Note
-------+----------+-------------------------------------------
     0 | D:1      | Sin92 the Demonspawn Fighter began the quest for the Orb.
     0 | D:1      | Reached XP level 1. HP: 18/18 MP: 1/1
   212 | D:1      | Reached skill level 2 in Long Blades
   346 | D:1      | Gained mutation: You sometimes gain a little power by
                  | taking damage. [demonic ancestry]
   346 | D:1      | Reached XP level 2. HP: 20/24 MP: 2/2
  1049 | D:2      | Reached XP level 3. HP: 26/29 MP: 3/3
  1443 | D:2      | Reached skill level 1 in Dodging
  1743 | D:2      | Gained mutation: You are partially covered in sharp spines.
                  | [demonic ancestry]
  1743 | D:2      | Reached XP level 4. HP: 32/35 MP: 4/4
  1978 | D:2      | Found a shimmering blue altar of Sif Muna.
  2413 | D:3      | Found a faded altar of an unknown god.
  2920 | D:3      | Reached skill level 3 in Long Blades
  3274 | D:4      | Noticed a scorpion
  3285 | D:4      | Killed a scorpion
  3286 | D:4      | Gained mutation: When seriously injured, your bleeding
                  | wounds create armour. (AC +6) [demonic ancestry]
  3286 | D:4      | Reached XP level 5. HP: 41/41 MP: 5/5
  3383 | D:4      | Found a shimmering blue altar of Sif Muna.
  3400 | D:4      | Found a sparkling altar of Nemelex Xobeh.
  3665 | D:4      | Found an ancient bone altar of Kikubaaqudgha.
  3775 | D:4      | Gained mutation: You sometimes gain power by taking damage.
                  | [demonic ancestry]
  3775 | D:4      | Reached XP level 6. HP: 43/48 MP: 6/6
  3975 | D:4      | Found a hide-covered altar of Uskayaw.
  4276 | D:4      | Found a staircase to the Ecumenical Temple.
  4385 | D:4      | Reached skill level 4 in Long Blades
  4720 | Temple   | Entered the Ecumenical Temple
  4830 | Temple   | Became a worshipper of Warmaster Okawaru
  4892 | D:5      | Entered Level 5 of the Dungeon
  5120 | D:5      | Gained mutation: You are powered by pain. [demonic
                  | ancestry]
  5120 | D:5      | Reached XP level 7. HP: 43/54 MP: 7/7
  5224 | D:5      | Found a runed translucent door.
  5225 | D:5      | Noticed Crazy Yiuf
  5440 | D:5      | Reached * piety under Okawaru
  5892 | D:5      | Found a bloodstained altar of Trog.
  6234 | D:5      | Found Owecoguq's Weapon Shoppe.
  6477 | D:5      | Killed Crazy Yiuf
  6478 | D:5      | Reached skill level 5 in Long Blades
  6579 | D:6      | Gained mutation: You have a pair of small antennae on your
                  | head. [demonic ancestry]
  6579 | D:6      | Reached XP level 8. HP: 45/61 MP: 8/8
  6781 | D:6      | Reached skill level 5 in Fighting
  6890 | D:6      | Reached ** piety under Okawaru
  6929 | D:6      | Noticed Edmund
  6951 | D:6      | Killed Edmund
  7354 | D:6      | Noticed Pikel
  7366 | D:6      | Killed Pikel
  7366 | D:6      | Reached *** piety under Okawaru
  7367 | D:6      | Reached skill level 6 in Long Blades
  7367 | D:6      | Reached skill level 5 in Armour
  7367 | D:6      | Reached skill level 5 in Shields
  7823 | D:7      | Reached XP level 9. HP: 62/68 MP: 9/9
  7928 | D:7      | Found a basalt altar of Yredelemnul.
  8220 | D:7      | Noticed Harold
  8235 | D:7      | Killed Harold
  8235 | D:7      | Reached **** piety under Okawaru
  8236 | D:7      | Reached skill level 7 in Long Blades
  8783 | D:8      | Paralysed by a hornet for 1 turns
  8795 | D:8      | Reached skill level 5 in Dodging
  9247 | D:8      | Found a burning altar of Makhleb.
  9255 | D:8      | Identified the +1 robe "Opethring" {+Inv rPois rN+}
  9457 | D:8      | Gained mutation: You are mostly covered in sharp spines.
                  | [demonic ancestry]
  9457 | D:8      | Reached XP level 10. HP: 61/77 MP: 10/10
  9837 | D:9      | Found a staircase to the Lair.
  9840 | D:9      | Reached skill level 8 in Long Blades
 10054 | D:9      | Reached ***** piety under Okawaru
 10446 | D:9      | Noticed a two-headed ogre
 10455 | D:9      | Killed a two-headed ogre
 10455 | D:9      | Identified the +9 demon trident "Wyuthir" {elec, Int-2
                  | Dex+5} (Okawaru gifted it to you on level 9 of the Dungeon)
 10455 | D:9      | Received a gift from Okawaru
 11222 | D:10     | Entered Level 10 of the Dungeon
 11222 | D:10     | Noticed a two-headed ogre
 11230 | D:10     | Noticed a two-headed ogre
 11237 | D:10     | Killed a two-headed ogre
 11238 | D:10     | Reached skill level 1 in Polearms
 11238 | D:10     | Reached skill level 1 in Invocations
 11246 | D:10     | Killed a two-headed ogre
 11255 | D:10     | Found a sacrificial altar of Ru.
 11256 | D:10     | Found a staircase to the Orcish Mines.
 11474 | D:10     | Found a shadowy altar of Dithmenos.
 11543 | D:10     | Reached skill level 9 in Long Blades
 12348 | D:10     | Found an ornate altar of the Wu Jian Council.
 12371 | D:10     | Found a radiant altar of Vehumet.
 12443 | D:11     | Reached XP level 11. HP: 80/84 MP: 13/13
 12489 | D:11     | Noticed a two-headed ogre
 12494 | D:11     | Killed a two-headed ogre
 12711 | D:11     | Noticed a two-headed ogre
 12719 | D:11     | Killed a two-headed ogre
 12719 | D:11     | Identified the +1 ring mail "Baonawue" {Slay+3} (Okawaru
                  | gifted it to you on level 11 of the Dungeon)
 12719 | D:11     | Received a gift from Okawaru
 12968 | D:11     | Noticed a boulder beetle
 13334 | D:12     | HP: 3/85 [very large slime creature (24)]
 13407 | D:12     | Noticed a boulder beetle
 13407 | D:12     | Noticed a boulder beetle
 13412 | D:12     | Paralysed by a floating eye for 4 turns
 13419 | D:12     | Paralysed by a floating eye for 2 turns
 13470 | D:12     | Paralysed by a floating eye for 2 turns
 13475 | D:12     | Paralysed by a floating eye for 3 turns
 13534 | D:12     | Mangled by a boulder beetle

Illustrated notes

Levels and vault maps discovered:
D:1:      tarquinn_simple_flora_water_e, layout_basic
D:2:      layout_basic, basic_altar, kennysheep_nub, minmay_misc_feat_pillars
D:3:      layout_basic, shapermc_ecumenical_altar_gd
D:4:      cheibrodos_pilgrimage, layout_loops_ring,
          nemelex_xobeh_ov_fountains_minmay,
          nicolae_uskayaw_murder_on_the_dancefloor,
          mainiacjoe_overflow_brackets, general_overflow_altar,
          minmay_temple_entry_nine_rooms, corexii_shack,
          hangedman_decor_slide_cut, kennysheep_opposing_triangles
D:5:      layout_basic, mainiacjoe_overflow_catwalk, marbit_many_paths,
          serial_shops, nicolae_diamond_shop, uniq_crazy_yiuf_cottage
D:6:      layout_cave_pools, minmay_misc_feat_room, lexackson_kobold_supper,
          uniq_pikel, uniq_edmund
D:7:      layout_gridville, yredelemnul_forgotten_temple_becter, uniq_harold
D:8:      layout_basic, bloody_makhleb, minmay_misc_feat_nine_boxes
D:9:      layout_long_grid, lair_entry_dummy
D:10:     layout_rooms, overflow_temple_1_default,
          mainiacjoe_overflow_surrounded_room, lemuel_crystal_altar,
          zin_academy, vehumet_crystals
D:11:     layout_gridville
D:12:     layout_roguey, serial_shops, shop, onia_ninara_cookie
Temple:   kb_temple_of_zot

Skill      XL: |  1  2  3  4  5  6  7  8  9 10 11 |
---------------+----------------------------------+-----
Long Blades    | 2 3 4 5 6 7 9 |  9.9
Shields        | 3 4 5 6 7 |  7.3
Armour         | 3 4 5 6 7 |  7.3
Dodging        | 1 2 3 4 5 6 |  6.8
Fighting       | 4 5 6 7 |  7.9
Polearms       | 2 3 |  3.3
Invocations    | 3 4 |  4.8

Action                   |  1- 3 |  4- 6 |  7- 9 | 10-12 || total
-------------------------+-------+-------+-------+-------++-------
Melee: Long sword        |    95 |   123 |   190 |   295 ||   703
Invok: Heroism           |       |       |     2 |       ||     2
       Finesse           |       |       |       |     2 ||     2
  Use: Scroll            |     3 |     4 |     5 |     5 ||    17
       Potion            |       |     1 |     2 |     6 ||     9
Armor: Scale mail        |    49 |    51 |    74 |     1 ||   175
       Chain mail        |       |       |       |   182 ||   182
Dodge: Dodged            |    35 |    38 |    71 |   140 ||   284
Block: Kite shield       |    72 |    68 |   118 |   246 ||   504
       Rpst.: Long sword |    13 |    11 |    26 |    26 ||    76

Table legend: (Time is in decaauts)
 A = Elapsed time spent in this place.
 B = Non-inter-level travel time spent in this place.
 C = Inter-level travel time spent in this place.
 D = Time resting spent in this place.
 E = Time spent auto-exploring this place.
 F = Levels seen in this place.
 G = Mean time per level.
                   A        B        C        D        E       F      G
               +--------+--------+--------+--------+--------+-----+--------+
         Total |  13703 |  13170 |    533 |   2223 |   8926 |  13 | 1054.1 |
       Dungeon |  13564 |  13074 |    490 |   2223 |   8834 |  12 | 1130.3 |
        Temple |    138 |     95 |     43 |      0 |     92 |   1 |  138.0 |
               +--------+--------+--------+--------+--------+-----+--------+

Top non-repeatable levels by time:
     D:5: 1690 daAuts
     D:4: 1532 daAuts
     D:2: 1432 daAuts
     D:9: 1399 daAuts
    D:10: 1196 daAuts
     D:6: 1172 daAuts
     D:8: 1075 daAuts
     D:7: 1071 daAuts
     D:1: 1035 daAuts
     D:3: 852 daAuts
    D:11: 803 daAuts
    D:12: 303 daAuts
  Temple: 138 daAuts
